 Dungeon Crawl Stone Soup version 0.31-a0-640-g39d97e502b (webtiles) character file.

Game seed: 18163290184729574310

273 GordonOverkill the Sneak (level 6, 0/33 HPs)
             Began as a Vine Stalker Delver on Aug 28, 2023.
             Slain by a black bear (10 damage)
             ... on level 4 of the Dungeon.
             The game lasted 00:05:47 (3982 turns).

GordonOverkill the Sneak (Vine Stalker Delver)      Turns: 3982, Time: 00:05:48

Health: 0/33       AC:  7    Str: 17    XL:     6   Next: 24%
Magic:  0/7        EV: 10    Int: 10    God:
Gold:   101        SH:  0    Dex: 15    Spells: 5/5 levels left

rFire   + . .        a - +2 longbow of Ygoupp {heavy, rF+ Will+}
rCold   . . .        (shield currently unavailable)
rNeg    . . .        i - +0 scale mail
rPois   .            (no helmet)
rElec   .            h - +0 cloak
rCorr   .            (no gloves)
SInv    .            (no boots)
Will    +....        (no amulet)
Stlth   ++           (no ring)
HPRegen 1.05/turn    (no ring)
MPRegen 0.10/turn

%: guardian spirit
@: no status effects
A: fangs 2, regeneration 1, magic shield, antimagic bite, no potion heal 2
a: no special abilities


You were on level 4 of the Dungeon.
You visited 1 branch of the dungeon, and saw 6 of its levels.

You collected 101 gold pieces.

Inventory:

Hand Weapons
 a - the +2 longbow of Ygoupp (weapon) {heavy, rF+ Will+}
   (You acquired it on level 2 of the Dungeon)

   rF+:       It protects you from fire.
   Will+:     It increases your willpower.
Armour
 g - the +1 robe "Laared Azump" {rC+ Regen+ Int+2 SInv}
   (You found it on level 3 of the Dungeon)

   Int+2:     It affects your intelligence (+2).
   rC+:       It protects you from cold.
   SInv:      It lets you see invisible.
   Regen+:    It increases your rate of health regeneration.
 h - a +0 cloak (worn)
 i - a +0 scale mail (worn)
Jewellery
 j - a ring of ice
 o - a ring of wizardry
Wands
 f - a wand of digging (11)
Scrolls
 b - 2 scrolls of fog
 c - a scroll of revelation
 k - a scroll of enchant weapon {unknown}
Potions
 e - a potion of haste
 l - a potion of berserk rage
 m - a potion of enlightenment {unknown}
 n - a potion of heal wounds
 q - a potion of curing


   Skills:
 - Level 4.0 Fighting
 + Level 3.4 Ranged Weapons
 - Level 1.5 Dodging
 - Level 6.0 Stealth
 - Level 3.7 Unarmed Combat


You had 5 spell levels left.
You didn't know any spells.
Your spell library contained the following spells:

 Spells                   Type           Power      Damage    Failure   Level
 Freeze                   Ice            0%         1d3       80%         1
 Shock                    Conj/Air       0%         1d3       80%         1
 Blink                    Tloc           0%         N/A       91%         2
 Lesser Beckoning         Tloc           0%         N/A       91%         2
 Momentum Strike          Conj/Tloc      0%         3d8       91%         2
 Frozen Ramparts          Ice            0%         1d1       99%         3
 Hailstorm                Conj/Ice       0%         3d3       99%         3
 Swiftness                Air            0%         N/A       99%         3
 Airstrike                Air            0%         2d(0-16)  100%        4


Dungeon Overview and Level Annotations

Branches:
Dungeon (6/15)
 Temple: D:4-7

Altars:
Uskayaw

Shops:
D:3 :

Annotations:
D:4 Edmund
D:6 Prince Ribbit


Innate Abilities, Weirdness & Mutations

You have extremely sharp teeth.
Your natural rate of healing is unusually fast.
When hurt, damage is shared between your health and your magic reserves.
Your bite disrupts and absorbs the magic of your enemies.
Potions cannot restore your health.


Message History

The ogre shouts!
The black bear goes berserk!
The black bear misses you. The black bear barely misses you.
The black bear claws you but does no damage.
The ogre barely misses you. The black bear barely misses you.
The black bear claws you but does no damage.
The black bear claws you.
You climb upwards.
Level annotation: Edmund
There is a stone staircase leading down here.
As you read the scroll of fear, it crumbles to dust.
You assume a fearsome visage.
The black bear is unaffected.
The ogre looks frightened!
The black bear barely misses you.
The black bear claws you but does no damage. x2
The black bear barely misses you. The black bear claws you. x2
Fire: a) +2 longbow of Ygoupp {heavy, rF+ Will+}
Press: ? - help, Q - select action Shift-Dir - straight line, f - black bear
Aim: a black bear (severely wounded, berserk, 69% to hit)
You shoot an arrow. The arrow barely misses the black bear.
The black bear bites you! The black bear closely misses you.
The black bear claws you.
The black bear bites you but does no damage.
The black bear closely misses you. x5; The black bear bites you.
* * * LOW HITPOINT WARNING * * *
The black bear claws you but does no damage.
The black bear claws you.
* * * LOW HITPOINT WARNING * * *
Fire: a) +2 longbow of Ygoupp {heavy, rF+ Will+}
Press: ? - help, Q - select action Shift-Dir - straight line, f/p - black bear
Aim: a black bear (severely wounded, berserk, 69% to hit)
You shoot an arrow.
The arrow completely misses the black bear.
The black bear bites you.
* * * LOW HITPOINT WARNING * * *
The black bear closely misses you. x2; The black bear bites you.
* * * LOW HITPOINT WARNING * * *
The black bear claws you but does no damage. x2
The black bear bites you!
You die...

.....# #########
#.## # .....# ##.#
.†...# #######..#
.....#
####...$.#..#
.<...#
#O.........##
....##
#..........########
.##.##
#..................
###..#
#............#.....
##.##
#h@............#.#.
#..#
#...........<......
##.##
#..............#.#.
#..#
#................).
##.##
#..............####
#..#
#..............##
##.##
#..............<#
#..#
##..............#
##.# ...........###


You could see a black bear (berserk) and an ogre (fleeing).

Vanquished Creatures
  An orc wizard (D:3)
  Natasha (thrice) (D:2)
  6 gnolls (D:3)
  5 adders
  2 worms (D:2)
  3 dart slugs
  4 orcs
  2 ball pythons (D:3)
  2 bats
  5 endoplasms
  A giant cockroach (D:4)
  5 goblins
  6 hobgoblins
  3 jackals (D:4)
  A quokka (D:3)
  2 frilled lizards (D:2)
  3 kobolds
  7 rats
61 creatures vanquished.

Notes
Turn   | Place    | Note
-------+----------+-------------------------------------------
     0 | D:5      | GordonOverkill the Vine Stalker Delver began the quest for
                  | the Orb.
     0 | D:5      | Reached XP level 1. HP: 11/11 MP: 2/2
     1 | D:6      | Noticed Prince Ribbit
     1 | D:6      | Noticed a black bear
   294 | D:4      | Reached XP level 2. HP: 9/16 MP: 0/3
   588 | D:4      | Noticed Edmund
   728 | D:4      | Reached XP level 3. HP: 20/20 MP: 4/4
  1225 | D:1      | Gained mutation: Your natural rate of healing is unusually
                  | fast. [Vine Stalker growth]
  1225 | D:1      | Reached XP level 4. HP: 23/25 MP: 5/5
  1870 | D:2      | Found a faded altar of an unknown god.
  1974 | D:2      | Identified the +1 leather armour of Etemp {Harm rF- Regen+
                  | Stlth-}
  2017 | D:2      | Noticed Natasha
  2029 | D:2      | Killed Natasha
  2206 | D:2      | Identified a scroll of acquirement
  2206 | D:2      | Acquired the +2 longbow of Ygoupp {heavy, rF+ Will+}
  2423 | D:2      | Noticed Natasha
  2427 | D:2      | Killed Natasha
  2428 | D:2      | Reached skill level 1 in Ranged Weapons
  2428 | D:2      | Reached XP level 5. HP: 29/29 MP: 6/6
  2769 | D:2      | Noticed Natasha
  2775 | D:2      | Killed Natasha
  3294 | D:3      | Identified the +1 robe "Laared Azump" {rC+ Regen+ Int+2
                  | SInv}
  3314 | D:3      | Reached XP level 6. HP: 33/33 MP: 7/7
  3423 | D:3      | Found a hide-covered altar of Uskayaw.
  3554 | D:3      | Found Codar's Vocational Training.
  3976 | D:5      | Noticed a black bear
  3982 | D:4      | Slain by a black bear

Illustrated notes

Levels and vault maps discovered:
D:1:      elethiomel_arrival_infinity_welcomes_careful_drivers, layout_basic,
          grunt_decor_one_mirror
D:2:      layout_loops_corners, hellmonk_ecumenical_altar_pennies_from_heaven,
          uniq_natasha
D:3:      layout_basic, mainiacjoe_overflow_brackets, small_statue_alley_b,
          minmay_strange_pillars, minmay_tree_intersection,
          nicolae_shop_vocational
D:4:      layout_cave_pods, serial_glass, glass_columns_b, glass_columns_a,
          glass_columns_a, glass_columns_a, glass_columns_a, glass_columns_b,
          uniq_edmund
D:5:      layout_cave_pods, mainiacjoe_overflow_concentric_impassable,
          chei_slow_surprise, nicolae_ashenzari_skybound
D:6:      layout_rooms, minmay_temple_entry_overgrown, serial_shops,
          nicolae_shop_crystal, uniq_prince_ribbit1, uniq_crazy_yiuf_cottage,
          uniq_duvessa

Skill      XL: |  1  2  3  4  5  6 |
---------------+-------------------+-----
Fighting       | 3 4 |  4.0
Unarmed Combat | 3 |  3.7
Ranged Weapons | 1 2 3 |  3.4
Dodging        | |  1.5
Stealth        | |  6.0

Action                     |  1- 3 |  4- 6 || total
---------------------------+-------+-------++-------
  Melee: Unarmed           |    76 |    38 ||   114
         Bite              |    16 |    11 ||    27
         Punch             |     5 |     2 ||     7
   Fire: Longbow           |       |    54 ||    54
    Use: Scroll            |       |     5 ||     5
         Potion            |       |     5 ||     5
   Stab: Sleeping          |     5 |     1 ||     6
 Armour: Leather armour    |    21 |       ||    21
         Scale mail        |       |    28 ||    28
  Dodge: Dodged            |    50 |    47 ||    97

Table legend: (Time is in decaauts)
 A = Elapsed time spent in this place.
 B = Non-inter-level travel time spent in this place.
 C = Inter-level travel time spent in this place.
 D = Time resting spent in this place.
 E = Time spent auto-exploring this place.
 F = Levels seen in this place.
 G = Mean time per level.
                   A        B        C        D        E       F      G
               +--------+--------+--------+--------+--------+-----+--------+
         Total |   4087 |   3817 |    270 |    225 |   2808 |   6 |  681.2 |
       Dungeon |   4087 |   3817 |    270 |    225 |   2808 |   6 |  681.2 |
               +--------+--------+--------+--------+--------+-----+--------+

Top non-repeatable levels by time:
     D:2: 1746 daAuts
     D:3: 808 daAuts
     D:4: 773 daAuts
     D:1: 702 daAuts
     D:5: 55 daAuts
     D:6: 1 daAuts
